 Seeded DCSS version 0.29-a0-919-gd064cfad1c (webtiles) character file.

Game seed: 5791075349694955658 (custom seed)

21 valliere the Vexing (level 2, -5/19 HPs)
             Began as a Vampire Enchanter on July 26, 2022.
             Succumbed to a kobold's poison
             ... on level 1 of the Dungeon.
             The game lasted 00:03:53 (364 turns).

valliere the Vexing (Vampire Enchanter)              Turns: 364, Time: 00:03:54

Health: -5/19      AC:  2    Str:  4 (7)  XL:     2   Next: 62%
Magic:  1/5        EV: 12    Int: 14 (17) God:
Gold:   40         SH:  0    Dex: 11 (14) Spells: 3/5 levels left

rFire   . . .      SeeInvis +   a - +1 dagger
rCold   . . .      Faith    .   (no shield)
rNeg    . . .      Spirit   .   b - +0 robe
rPois   .          Reflect  .   (no helmet)
rElec   .          Harm     .   (no cloak)
rCorr   .          Rampage  .   (no gloves)
Will    .....                   (no boots)
Stlth   +++.......              (no amulet)
HPRegen 0.26/turn               (no ring)
MPRegen 0.09/turn               (no ring)

@: lethally poisoned (-5 -> -31), healing quickly
A: alive, fangs 3, see invisible, vampiric 1
a: Exsanguinate


You were on level 1 of the Dungeon.
You visited 1 branch of the dungeon, and saw 1 of its levels.

You collected 40 gold pieces.

Inventory:

Hand Weapons
 a - a +1 dagger (weapon)
Armour
 b - a +0 robe (worn)
Scrolls
 f - 2 scrolls of identify {unknown}
 g - a scroll of magic mapping {unknown}
Potions
 c - 2 potions of invisibility
 d - a potion of lignification {unknown}
 e - a potion of degeneration


   Skills:
 + Level 1.5 Short Blades
 + Level 2.4 Dodging
 + Level 4.7 Stealth
 + Level 2.2 Spellcasting
 * Level 4.9 Hexes


You had 3 spell levels left.
You knew the following spells:

 Your Spells              Type           Power      Damage    Failure   Level
a - Ensorcelled Hibernat  Hex/Ice        16%        N/A       13%         2

Your spell library contained the following spells:

 Spells                   Type           Power      Damage    Failure   Level
 Confusing Touch          Hex            15%        N/A       10%         3
 Tukima's Dance           Hex            15%        N/A       10%         3
 Dazzling Flash           Conj/Hex       16%        N/A       26%         3


Dungeon Overview and Level Annotations

Branches:
Dungeon (1/15)

Altars:


Innate Abilities, Weirdness & Mutations

Your natural rate of healing is accelerated.
You have razor-sharp teeth.
You have supernaturally acute eyesight. (SInv)
You are afflicted with vampirism.


Message History

You hit the hobgoblin.
The hobgoblin is almost dead.
The hobgoblin barely misses you.
You hit the hobgoblin.
You kill the hobgoblin!
Casting: Ensorcelled Hibernation (safe; 11% risk of failure)
Confirm with . or Enter, or press ? or * to list all spells.
Aiming: Ensorcelled Hibernation (safe; 11% risk of failure)
Press: ? - help, Shift-Dir - straight line, f - kobold
Aim: a kobold, wielding a +2 dagger of venom (chance to affect: 62%)
The kobold resists with significant effort.
Casting: Ensorcelled Hibernation (safe; 11% risk of failure)
Confirm with . or Enter, or press ? or * to list all spells.
Okay, then.
You barely miss the kobold. You bite the kobold.
The kobold is severely wounded.
You hit the kobold but do no damage.
The kobold is severely wounded.
The kobold hits you with a +2 dagger of venom.
You are poisoned.
You barely miss the kobold.
The kobold is severely wounded.
You feel very sick.
The kobold hits you with a +2 dagger of venom.
You are more poisoned.
Keep bloodletting? [Y]es or [N]o only, please.
Keep bloodletting? [Y]es or [N]o only, please.
Keep bloodletting?
You stop emptying yourself of blood.
* * * LOW HITPOINT WARNING * * *
You feel very sick.
The kobold hits you with a +2 dagger of venom.
* * * LOW HITPOINT WARNING * * *
You are more poisoned.
It was a potion of degeneration.
There was something very wrong with that liquid.
You feel weakened.
You feel dopey.
You feel clumsy.
You die...

.........
#..#.##
)........
#.#..# ##
........#
#.#.## .###
#..g..g.#
#.#.# ...##
#.###.#.#
##..##
#.......#
##..#
##.....###
##.##
#K.##†...#
#..#
#@####.#)# #
##.# #.#
#.#.#
####..## #.#
#.#.#
.......#
##.####.#.#
......##
###..#....#.#
....^.#
#...#..####..
...#..#
##..## ##.
##...## #
#..## #
###.## ##.
##.##


You could see a kobold.

Vanquished Creatures
  A dart slug (D:1)
  2 ball pythons (D:1)
  A bat (D:1)
  An endoplasm (D:1)
  A giant cockroach (D:1)
  A goblin (D:1)
  5 hobgoblins (D:1)
  A quokka (D:1)
  2 rats (D:1)
15 creatures vanquished.

Notes
Turn   | Place    | Note
-------+----------+-------------------------------------------
     0 | D:1      | valliere the Vampire Enchanter began the quest for the Orb.
     0 | D:1      | Reached XP level 1. HP: 13/13 MP: 3/3
   120 | D:1      | Reached XP level 2. HP: 9/19 MP: 5/5
   286 | D:1      | Learned a level 2 spell: Ensorcelled Hibernation
   364 | D:1      | Succumbed to a kobold's poison

Illustrated notes

Levels and vault maps discovered:
D:1:      dpeg_arrival_round_b, layout_rooms

Action                   || total
-------------------------++-------
Melee: Dagger            ||    60
       Bite              ||     6
 Cast: Ensorcelled Hiber ||     3
 Abil: Exsanguinate      ||     1
  Use: Potion            ||     1
 Stab: Sleeping          ||     3
       Distracted        ||     2
Armor: Robe              ||     7
Dodge: Dodged            ||    25

Table legend: (Time is in decaauts)
 A = Elapsed time spent in this place.
 B = Non-inter-level travel time spent in this place.
 C = Inter-level travel time spent in this place.
 D = Time resting spent in this place.
 E = Time spent auto-exploring this place.
 F = Levels seen in this place.
 G = Mean time per level.
                   A        B        C        D        E       F      G
               +--------+--------+--------+--------+--------+-----+--------+
         Total |    359 |    359 |      0 |      8 |    213 |   1 |  359.0 |
       Dungeon |    359 |    359 |      0 |      8 |    213 |   1 |  359.0 |
               +--------+--------+--------+--------+--------+-----+--------+

Top non-repeatable levels by time:
     D:1: 359 daAuts
